cohdb
Replays
Latest Replays
All Replays
Popular Replays
Top Player Replays
Match Explorer
How It Works
Community
CoH3 Stats
Reddit
Sign in to upload your games and track your stats! →
Sign in with Steam
Match 25238526
Unlisted
Match 25238526
Overview
Messages
Build Orders
End
Kradschützen Motorcycle Team
Kradschützen Motorcycle Team
Panzerpioneer Squad
Panzerpioneer Squad
Construct Light Support Kompanie
2.5-tonne Medical Truck
Selects Battlefield Espionage Battlegroup
Selects Battlefield Espionage Battlegroup
Selects Battlefield Espionage Battlegroup
Selects Intel Disruption Beacon
MG34 Team
Fire Support Elements
Pak 38 Mechanized Group
le.IG 18 Support Gun Team
Construct Panzerarmee Kommand
Veteran Squad Leaders
Selects Transfer Depots
Selects Firestorm
Selects 250/3 Funkpanzerwagen
Panzer III L Medium Tank
Firestorm
全图连3全图率60%
stanleY
HuaLim
LuiSBa
Eber
舔菊俠
0
0
Comments
sign in to comment!
No comments posted yet!